Map: Eternal Empire LE

Players

Rail - Winner!

  • Race: Protoss Protoss
  • Spawn Location: 1:00

uThermal

  • Race: Terran Terran
  • Spawn Location: 7:00

Event: IEM Katowice 2020

VOD

Have the link to the VOD?

Description

Time

  • Played on: Feb. 25, 2020, 9:48 a.m.
  • Length: 21:49

All games in this series

Show
View Real Time Build Order
Export as new Build Order

Rail Protoss - Winner!

Build Orders: 1 Gate Expand, Phoenix Opening, Colossus Rush 

Get SALT Encoding   

  12  0:00  Probe  
  13  0:12  Probe  
  14  0:17  Pylon  
  14  0:25  Probe (Chrono Boost)  
  15  0:36  Gateway  
  15  0:37  Probe (Chrono Boost)  
  16  0:44  Probe (Chrono Boost)  
  16  0:47  Assimilator  
  17  0:51  Probe  
  18  1:03  Probe  
  19  1:20  Nexus  
  19  1:30  Cybernetics Core  
  19  1:34  Probe  
  19  1:39  Assimilator  
  20  1:46  Probe  
  21  1:50  Pylon  
  21  1:58  Probe  
  22  2:05  Adept (Chrono Boost)  
  24  2:10  Probe  
  24  2:15  Stargate  
  25  2:22  Warp Gate  
  25  2:23  Probe  
  25  2:29  Adept  
  28  2:33  Probe  
  28  2:36  Probe (Chrono Boost)  
  30  2:45  Probe (Chrono Boost)  
  30  2:48  Probe (Chrono Boost)  
  32  2:54  Probe (Chrono Boost)  
  32  2:55  Probe (Chrono Boost)  
  34  2:59  Probe  
  34  3:00  Phoenix  
  34  3:05  Probe  
  38  3:08  Adept  
  38  3:12  Probe  
  41  3:17  Probe, Pylon  
  42  3:24  Probe  
  43  3:27  Gateway  
  43  3:32  Robotics Facility  
  43  3:33  Probe  
  44  3:37  Probe  
  44  3:40  Phoenix  
  47  3:47  Probe  
  48  3:48  Pylon  
  48  3:52  Probe (Chrono Boost)  
  49  4:02  Probe (Chrono Boost), Assimilator  
  50  4:04  Probe (Chrono Boost), Assimilator  
  51  4:11  Sentry  
  51  4:12  Probe (Chrono Boost)  
  51  4:14  Probe (Chrono Boost)  
  51  4:15  Pylon  
  55  4:18  Probe (Chrono Boost)  
  55  4:19  Robotics Bay  
  55  4:20  Probe (Chrono Boost)  
  55  4:22  Zealot  
  59  4:26  Probe  
  59  4:27  Observer  
  61  4:33  Probe  
  61  4:35  Zealot  
  61  4:37  Pylon  
  61  4:38  Phoenix  
  66  4:44  Zealot  
  68  4:51  Nexus  
  68  4:58  Zealot  
  70  5:02  Colossus (Chrono Boost)  
  76  5:07  Pylon  
  76  5:11  Phoenix  
  78  5:16  Shield Battery  
  78  5:23  Extended Thermal Lance  
  78  5:26  Zealot  
  78  5:28  Pylon  
  80  5:29  Zealot  
  82  5:43  Probe x2, Colossus (Chrono Boost)  
  82  5:47  Pylon  
  82  5:48  Zealot  
  92  5:52  Phoenix  
  94  6:03  Zealot  
  94  6:04  Probe x3 (Chrono Boost)  
  98  6:09  Sentry  
  101  6:16  Probe (Chrono Boost)  
  101  6:17  Phoenix  
  106  6:19  Pylon  
  106  6:21  Probe x2 (Chrono Boost)  
  106  6:23  Probe (Chrono Boost)  
  106  6:25  Pylon  
  107  6:27  Probe x2 (Chrono Boost)  
  107  6:29  Gateway  
  107  6:30  Probe  
  110  6:35  Gateway  
  110  6:39  Probe, Sentry  
  113  6:40  Stalker  
  113  6:41  Probe  
  113  6:44  Forge  
  113  6:47  Forge  
  116  6:49  Twilight Council  
  116  6:50  Probe  
  117  6:55  Pylon  
  117  6:57  Observer  
  118  7:03  Stalker  
  118  7:04  Gateway  
  118  7:05  Stalker, Gateway  
  122  7:11  Probe, Protoss Ground Armor Level 1 (Chrono Boost), Protoss Ground Weapons Level 1 (Chrono Boost)  
  122  7:13  Pylon  
  123  7:15  Pylon  
  123  7:21  Disruptor  
  126  7:28  Pylon  
  126  7:30  Charge  
  126  7:31  Gateway x2  
  126  7:41  Zealot x2  
  126  7:43  Stalker, Zealot  
  134  7:47  Pylon  
  134  7:50  Nexus  
  134  7:52  Probe x2  
  134  7:54  Assimilator  
  134  7:55  Probe  
  137  8:04  Probe x2  
  139  8:07  Probe, Assimilator  
  139  8:11  Disruptor  
  139  8:12  Stalker x2, Pylon  
  143  8:13  Stalker  
  149  8:21  Stalker  
  149  8:22  Stalker  
  153  8:28  Probe  
  153  8:29  Stalker x2  
  153  8:30  Shield Battery  
  153  8:31  Shield Battery  
  158  8:36  Unknown  
  158  8:37  Shield Battery x2  
  158  8:39  Stalker  
  158  8:41  Stalker  
  162  8:46  Photon Cannon  
  162  8:49  Protoss Ground Weapons Level 2 (Chrono Boost)  
  162  8:50  Protoss Ground Armor Level 2 (Chrono Boost)  
  162  8:53  Warp Prism  
  164  9:04  Stalker  
  164  9:06  Stalker  
  164  9:09  Stalker  
  170  9:11  Probe x2  
  172  9:29  Photon Cannon  
  172  9:34  Photon Cannon  
  172  9:35  Stalker x3  
  178  9:39  Blink  
  178  9:40  Stalker  
  178  9:41  Stalker x2  
  178  9:43  Pylon  
  184  9:46  Stalker x2  
  184  9:49  Photon Cannon  
  188  9:54  Disruptor  
  188  9:57  Probe  
  192  10:02  Pylon  
  192  10:08  Nexus  
  190  10:15  Stalker x2  
  190  10:16  Probe x2  
  190  10:20  Probe  
  196  10:25  Stalker x2  
  196  10:33  Fleet Beacon  
  196  10:35  Photon Cannon  
  196  10:37  Photon Cannon  
  196  10:45  Probe x2  
  196  10:47  Stalker x2  
  196  10:52  Probe  
  196  10:53  Probe, Stalker, Protoss Ground Armor Level 3 (Chrono Boost), Protoss Ground Weapons Level 3 (Chrono Boost)  
  200  11:00  Photon Cannon  
  200  11:09  Photon Cannon  
  199  11:12  Photon Cannon  
  199  11:13  Probe  
  199  11:14  Photon Cannon  
  199  11:16  Shield Battery  
  200  11:35  Photon Cannon  
  200  11:37  Photon Cannon  
  200  11:38  Assimilator  
  200  11:41  Assimilator  
  193  11:47  Stalker x2  
  193  11:50  Observer  
  197  11:55  Tempest  
  197  11:59  Stargate  
  192  12:01  Stargate, Observer  
  192  12:03  Stargate  
  192  12:06  Disruptor  
  190  12:38  Tempest  
  190  12:42  Disruptor  
  198  12:47  Templar Archives  
  198  12:49  Stalker  
  200  13:19  Protoss Air Weapons Level 1 (Chrono Boost)  
  200  13:22  Protoss Shields Level 1 (Chrono Boost)  
  200  13:25  Tempest  
  200  13:26  Psionic Storm  
  199  13:38  Stalker x4  
  199  13:40  Disruptor  
  178  13:56  Stalker  
  178  13:57  Zealot x2  
  178  13:59  Stalker  
  178  14:01  Tempest  
  187  14:05  Gateway  
  187  14:07  Gateway, High Templar x4  
  187  14:08  Tempest  
  200  14:10  Gateway  
  200  14:13  Gateway  
  198  14:31  High Templar  
  200  14:45  Zealot  
  198  14:47  Stalker, Zealot x2  
  198  14:51  Stalker  
  198  14:52  Stalker  
  194  14:53  Pylon  
  194  14:55  Pylon  
  194  14:57  Tempest  
  194  14:59  Tempest  
  190  15:02  Stalker  
  190  15:06  Pylon  
  188  15:10  Stalker, Zealot x3  
  188  15:12  Stalker  
  194  15:24  Protoss Air Weapons Level 2  
  194  15:29  Stalker x2  
  194  15:30  Stalker  
  200  15:38  Nexus  
  200  15:41  Pylon  
  192  15:52  Tempest  
  192  15:56  Stalker  
  199  16:06  Photon Cannon  
  199  16:08  Photon Cannon  
  199  16:10  Photon Cannon  
  199  16:11  Shield Battery  
  199  16:13  Photon Cannon  
  198  16:22  Nexus  
  198  16:23  High Templar x2  
  198  16:36  Unknown  
  198  16:39  Observer  
  195  16:40  Stalker  
  195  16:53  High Templar  
  193  17:00  Observer  
  182  17:05  Stalker  
  182  17:06  Stalker x3, Pylon, Zealot x3  
  190  17:09  Probe x3  
  190  17:11  Pylon  
  190  17:12  Pylon  
  190  17:14  Probe x2  
  192  17:18  Pylon, High Templar x2  
  192  17:21  Probe  
  197  17:29  Observer  
  195  17:36  Probe x2, High Templar  
  197  17:37  Photon Cannon  
  197  17:38  Photon Cannon  
  197  17:40  Photon Cannon  
  197  17:42  Photon Cannon  
  197  17:44  Stalker, Shield Battery  
  197  17:45  Photon Cannon  
  197  17:46  Photon Cannon  
  197  17:47  Photon Cannon  
  197  17:48  Photon Cannon  
  197  17:50  Photon Cannon  
  197  17:51  Shield Battery  
  197  17:53  Pylon  
  197  17:59  Photon Cannon  
  197  18:01  Photon Cannon  
  197  18:03  Archon  
  197  18:04  Pylon  
  195  18:06  Stalker  
  195  18:07  Zealot  
  195  18:14  Stalker x2  
  199  18:21  Observer  
  197  18:32  Stalker x7  
  195  18:34  Stalker  
  195  18:39  Stalker  
  199  18:46  Unknown  
  199  19:08  Tempest  
  194  19:16  Tempest  
  194  19:17  Tempest  
  190  19:21  Tempest  
  190  19:22  Stalker x3  
  193  19:27  Stalker x2  
  193  19:28  Stalker  
  197  19:33  Observer  
  165  20:01  Tempest  
  165  20:02  Carrier  
  165  20:05  Stalker x3  
  165  20:06  Stalker x6  
  165  20:07  Tempest, Stalker  
  182  20:13  Immortal  
  184  20:14  Tempest  
  189  20:33  Stalker x4  
  194  20:36  Probe  
  186  20:50  Stalker  
  186  20:51  Probe  
  185  21:00  Stalker x3  
  185  21:01  Probe x3  
  185  21:02  Probe  
  190  21:06  Stalker  
  190  21:07  Probe x2  
  192  21:13  Probe x3  
  192  21:18  Stalker x4  
  196  21:26  Stalker x2  
  177  21:43  Stalker x2  
  177  21:44  Stalker x2, Zealot x2  
  177  21:45  Zealot x2  
Show
View Real Time Build Order
Export as new Build Order

uThermal Terran 

Build Orders: Reaper Expand 

Get SALT Encoding   

  12  0:01  SCV  
  13  0:13  SCV  
  14  0:17  Supply Depot  
  14  0:25  SCV  
  15  0:39  SCV  
  15  0:41  Barracks  
  16  0:43  Refinery  
  16  0:51  SCV  
  17  1:03  SCV  
  18  1:15  SCV  
  19  1:27  Reaper  
  19  1:28  Orbital Command  
  20  1:41  Command Center  
  20  1:49  Supply Depot  
  20  1:53  SCV  
  21  1:59  Marine  
  22  2:05  SCV  
  23  2:09  Factory  
  23  2:16  Refinery  
  23  2:17  SCV  
  23  2:20  Barracks Reactor  
  25  2:30  SCV  
  25  2:42  SCV  
  26  2:54  Orbital Command, Starport  
  26  2:55  SCV  
  26  2:56  Factory Tech Lab  
  26  2:57  Marine x2  
  29  3:07  SCV  
  30  3:15  Cyclone, Marine x2  
  35  3:20  SCV x2  
  37  3:31  Viking  
  37  3:32  SCV x2  
  37  3:33  Supply Depot  
  37  3:34  Marine  
  41  3:37  Marine  
  43  3:44  SCV x2  
  44  3:56  SCV  
  44  3:58  SCV  
  44  3:59  Command Center, Marine x2  
  48  4:05  Factory Tech Lab  
  48  4:08  SCV  
  49  4:10  SCV  
  49  4:11  Supply Depot  
  49  4:12  Raven  
  52  4:17  Bunker, Marine  
  52  4:19  Marine  
  54  4:28  Supply Depot  
  54  4:32  SCV x2, Siege Tank  
  54  4:37  Marine  
  54  4:38  Marine, Barracks  
  60  4:45  SCV, Refinery  
  62  4:47  Refinery  
  62  4:50  SCV  
  63  4:57  SCV  
  63  4:58  Marine  
  63  4:59  Marine  
  66  5:01  Barracks  
  66  5:02  Starport Tech Lab  
  66  5:04  Siege Tank  
  66  5:06  SCV  
  70  5:09  Supply Depot  
  70  5:11  Orbital Command  
  70  5:18  Armory  
  70  5:20  Engineering Bay  
  70  5:23  Marine  
  70  5:24  Marine  
  70  5:27  SCV  
  73  5:28  SCV  
  73  5:30  Starport Reactor  
  73  5:31  Stimpack  
  73  5:33  Marine  
  75  5:38  SCV  
  75  5:39  SCV  
  75  5:41  Supply Depot  
  77  5:44  Siege Tank  
  77  5:45  Marine  
  77  5:46  Marine  
  82  5:52  Terran Infantry Weapons Level 1  
  82  5:53  Missile Turret  
  82  5:54  Orbital Command  
  82  5:56  Marine  
  83  5:57  Missile Turret  
  83  5:59  SCV x2  
  83  6:00  Marine  
  86  6:05  Drilling Claws  
  86  6:11  SCV  
  86  6:15  SCV, Marine, Barracks  
  86  6:16  Marauder, Barracks  
  86  6:18  Combat Shield  
  91  6:20  SCV  
  91  6:23  SCV  
  91  6:25  Marine  
  93  6:27  Supply Depot  
  93  6:28  Medivac  
  93  6:29  SCV  
  97  6:34  Medivac  
  97  6:35  SCV, Supply Depot  
  97  6:36  Marine  
  101  6:43  Missile Turret  
  101  6:48  SCV x2, Marine, Siege Tank  
  101  6:50  Supply Depot, Marauder  
  109  6:57  SCV  
  109  6:59  Missile Turret x2  
  110  7:01  SCV  
  110  7:02  Refinery x2  
  110  7:03  SCV  
  110  7:04  Barracks Reactor  
  110  7:05  Barracks Tech Lab  
  112  7:09  Medivac  
  112  7:10  Medivac  
  112  7:11  SCV  
  112  7:14  Supply Depot  
  117  7:16  Concussive Shells  
  117  7:20  Engineering Bay  
  117  7:22  SCV  
  118  7:26  Marine x2  
  118  7:27  Marauder  
  118  7:28  SCV  
  123  7:37  SCV x2, Supply Depot, Widow Mine x2  
  128  7:39  Supply Depot, Marauder  
  131  7:45  Supply Depot, Marauder  
  131  7:50  Terran Infantry Weapons Level 2  
  133  7:53  Terran Infantry Armor Level 1  
  133  7:55  Supply Depot  
  133  7:58  SCV, Medivac x2  
  133  7:59  Widow Mine  
  133  8:00  Widow Mine  
  133  8:01  Supply Depot  
  133  8:02  Marauder, Marine  
  133  8:04  Marine  
  146  8:07  Marauder  
  148  8:14  Command Center  
  148  8:17  Supply Depot, Marine  
  149  8:21  Fusion Core  
  149  8:23  Terran Ship Weapons Level 1  
  149  8:24  Widow Mine  
  151  8:28  Widow Mine  
  151  8:30  Marauder, Marine x2  
  151  8:32  Supply Depot  
  157  8:38  Marauder x2  
  157  8:39  Starport  
  161  8:43  Marine  
  161  8:44  Supply Depot  
  161  8:45  Sensor Tower  
  161  8:46  Widow Mine  
  164  8:50  Widow Mine, Liberator  
  169  8:56  Liberator  
  169  8:57  Marauder  
  169  8:59  Missile Turret  
  174  9:07  Command Center  
  174  9:11  Advanced Ballistics  
  174  9:13  Marauder  
  176  9:18  Marine x2, Liberator  
  176  9:19  Marine  
  182  9:28  Marauder, Marine  
  185  9:33  Liberator  
  185  9:34  Marauder  
  185  9:36  Marine  
  185  9:37  Marine  
  185  9:38  Marauder  
  192  9:40  Liberator  
  192  9:43  SCV x3  
  192  9:45  Widow Mine x2  
  198  9:48  Marine  
  199  9:53  Terran Infantry Armor Level 2  
  199  9:54  Marine  
  200  10:00  Unknown  
  200  10:06  Missile Turret  
  200  10:15  Planetary Fortress  
  200  10:19  Command Center  
  200  10:35  Marine  
  199  10:37  Marine  
  199  10:42  Terran Infantry Weapons Level 3, Barracks  
  200  10:43  Barracks  
  200  10:51  Orbital Command  
  200  10:53  Supply Depot  
  200  10:54  Supply Depot  
  200  10:55  Command Center  
  198  10:58  Marine  
  198  10:59  SCV  
  200  11:14  Sensor Tower  
  200  11:18  SCV  
  199  11:19  Marine  
  200  11:32  Orbital Command  
  200  11:50  Weapon Refit  
  200  11:51  Terran Ship Weapons Level 2, Starport  
  198  11:55  Armory  
  198  11:56  Marauder, Marine  
  198  11:57  Medivac  
  198  12:00  Marauder, Marine  
  198  12:01  Marauder, Marine  
  188  12:04  Liberator  
  188  12:07  Liberator  
  197  12:12  Terran Infantry Armor Level 3  
  197  12:14  Marine  
  198  12:16  Starport x2  
  198  12:17  Ghost Academy  
  198  12:18  Marauder  
  200  12:23  Command Center  
  200  12:39  Sensor Tower  
  200  12:41  Starport Tech Lab  
  200  12:42  Missile Turret  
  200  12:45  Terran Vehicle And Ship Armor Level 1  
  200  12:57  Starport Tech Lab x2  
  200  13:00  Command Center x2  
  200  13:19  Viking  
  199  13:23  Viking  
  199  13:26  Marauder, Marine  
  193  13:27  Viking x2  
  193  13:32  Marauder, Marine  
  198  13:52  Marauder, Marine  
  195  14:02  Battlecruiser  
  200  14:15  Orbital Command  
  200  14:23  Sensor Tower  
  200  14:27  Planetary Fortress  
  195  14:34  Neosteel Armor  
  195  14:36  Marine  
  195  14:37  Marauder  
  198  14:48  Marauder, Marine  
  198  14:50  Planetary Fortress, Hi-Sec Auto Tracking  
  198  14:52  Battlecruiser  
  200  14:59  Marauder, Marine  
  199  15:17  Marine  
  199  15:20  Medivac  
  199  15:22  Marine  
  199  15:25  Missile Turret  
  199  15:27  Missile Turret  
  199  15:28  Enhanced Shockwaves, Barracks Reactor, Barracks Tech Lab  
  200  15:30  Missile Turret  
  200  15:38  Command Center  
  200  15:41  Command Center x2  
  197  15:46  Marauder, Marine  
  200  16:01  Refinery  
  200  16:03  Refinery  
  200  16:26  Command Center  
  200  16:27  Command Center  
  200  16:38  Marauder, Marine  
  141  16:40  Viking, Marine  
  195  16:41  Marauder  
  195  16:45  Viking  
  197  16:50  Terran Ship Weapons Level 3, Terran Vehicle And Ship Armor Level 2  
  172  17:06  Battlecruiser x2  
  172  17:07  Battlecruiser, Viking  
  186  17:09  Marauder x2, Marine x2  
  186  17:15  Marine x2  
  186  17:16  Marauder x2  
  184  17:23  Refinery  
  184  17:26  Marauder, Marine  
  184  17:29  Marine  
  188  17:30  Refinery  
  188  17:31  Marauder, Marine  
  188  17:34  Viking  
  188  17:35  Orbital Command  
  188  17:36  Orbital Command  
  183  17:37  Marauder  
  183  17:38  Orbital Command  
  185  17:53  Orbital Command  
  181  18:09  Marauder x2, Marine x2  
  181  18:10  Battlecruiser x2, Viking  
  181  18:11  Viking  
  199  18:22  Orbital Command  
  192  18:32  Marauder x3, Marine x2  
  195  18:35  Marine  
  195  18:36  Marauder x2, Marine  
  195  18:49  Marine x2  
  195  18:53  Marine x2  
  195  18:54  Marauder x2  
  197  18:57  Marauder  
  187  19:15  Battlecruiser  
  186  19:18  Marine  
  186  19:19  Viking x2, Marauder, Marine  
  186  19:20  Viking  
  190  19:26  Viking  
  190  19:27  Marine  
  192  19:31  Ghost  
  192  19:32  Ghost x2  
  192  19:33  Marauder, Marine  
  194  19:41  Marine  
  194  19:42  Marauder  
  194  19:43  Marine  
  183  19:55  Marauder, Marine  
  183  19:57  Marine  
  183  19:59  Marine  
  146  20:01  Marauder, Marine  
  146  20:03  Marine  
  125  20:07  Marine  
  125  20:10  Marine  
  125  20:13  Marine  
  120  20:14  Marine  
  120  20:18  Marauder  
  120  20:19  Marauder  
  120  20:20  Medivac  
  116  20:23  Marauder  
  116  20:27  Marauder, Marine  
  119  20:29  Marauder  
  119  20:31  Marine  
  122  20:36  Medivac  
  122  20:39  Marauder  
  122  20:41  Marauder  
  128  20:44  Marauder  
  128  20:46  Medivac  
  128  20:49  Marauder  
  132  20:50  Marauder, Marine  
  132  20:51  Marine x2  
  132  20:52  Medivac  
  137  21:00  Marine  
  137  21:01  Marauder  
  137  21:02  Marauder  
  128  21:05  Marauder  
  128  21:07  Medivac  
  128  21:08  Marine  
  128  21:09  Medivac  
  128  21:10  Marauder  
  128  21:11  Marine  
  137  21:12  Marauder  
  137  21:17  Marine  
  141  21:18  Marine  
  141  21:22  Marauder  
  148  21:27  Marauder  

Tags
 
Add a new tag
Caveats
  • Supply blocks, unpowered buildings, or Contaminate may cause inaccurate times.
  • Supply counts are checked every 10 seconds.